 Dungeon Crawl Stone Soup version 0.25-a0-341-g6f074c887a (webtiles) character file.

Game seed: 6844476599187878703, levelgen mode: classic

11921 Borgoz the Basher (level 11, 0/73 HPs)
             Began as a Gargoyle Fighter on Dec 30, 2019.
             Was a Priest of the Shining One.
             Slain by a cyclops (25 damage)
             ... on level 10 of the Dungeon.
             The game lasted 00:18:07 (10288 turns).

Borgoz the Basher (Gargoyle Fighter)               Turns: 10288, Time: 00:18:08

Health: 0/73       AC: 19    Str: 21    XL:     11   Next: 85%
Magic:  11/11      EV: 10    Int: 10    God:    the Shining One [***...]
Gold:   183        SH:  0    Dex: 10    Spells: 10/10 levels left

rFire    . . .     SeeInvis .   a - +0 whip (elec)
rCold    . . .     Gourm    .   t - +0 buckler
rNeg     + + .     Faith    .   J - +0 scale mail {MR+}
rPois    ∞         Spirit   .   G - +0 helmet
rElec    +         Reflect  .   D - +0 cloak
rCorr    .         Harm     .   (no gloves)
MR       +....                  (no boots)
Stlth    ..........             (no amulet)
HPRegen  0.22/turn              (no ring)
MPRegen  0.12/turn              (no ring)

@: confused, glowing
A: negative energy resistance 1, electricity resistance, unbreathing,
petrification resistance, rot immunity, subdued magic 1, AC +8
a: Divine Shield, Renounce Religion


You were on level 10 of the Dungeon.
You worshipped the Shining One.
The Shining One was most pleased with you.
You were not hungry.

You visited 2 branches of the dungeon, and saw 11 of its levels.

You collected 482 gold pieces.
You spent 299 gold pieces at shops.

Inventory:

Hand Weapons
 a - a +0 whip of electrocution (weapon)
 A - a +0 dire flail
 K - a +4 great sword
 L - the +5 great mace of Ycyos {distort, *Contam rC- MR+++ Stlth+}
   (You bought it in a shop on level 9 of the Dungeon)

   It warps and distorts space around it.
   Unwielding it can cause banishment or high damage.
   It makes you vulnerable to cold.
   It affects your resistance to hostile enchantments.
   It causes magical contamination when unequipped.
   It makes you more stealthy.
Missiles
 z - 4 throwing nets (quivered)
Armour
 t - a +0 buckler (worn)
 D - a +0 cloak (worn)
 G - a +0 helmet (worn)
 H - a +0 troll leather armour
 J - a +0 scale mail of magic resistance (worn)
 O - a +2 plate armour of fire resistance
Jewellery
 B - a +4 ring of intelligence
Wands
 x - a wand of digging (12)
 y - a wand of polymorph (4)
 C - a wand of flame (14)
 F - a wand of disintegration (9)
Scrolls
 b - a scroll of identify
 e - 4 scrolls of immolation {unknown}
 h - 2 scrolls of enchant armour {unknown}
 i - a scroll of fog
 j - 3 scrolls of amnesia
 k - 3 scrolls of blinking
 o - a scroll of fear {unknown}
 p - 10 scrolls of remove curse
 q - 2 scrolls of teleportation {unknown}
 r - a scroll of random uselessness {unknown}
 w - a scroll of noise {unknown}
 E - 3 scrolls of holy word {unknown}
Potions
 c - 2 potions of mutation
 g - 3 potions of haste
 m - 4 potions of curing
 n - a potion of agility
 s - a potion of brilliance {unknown}
 u - 3 potions of cancellation {unknown}
 v - a potion of might
 N - a potion of flight
Comestibles
 d - 2 chunks of flesh
 f - 17 rations


   Skills:
 + Level 10.5 Fighting
 * Level 12.7 Maces & Flails
 + Level 10.5 Armour
 - Level 5.0 Shields


You had 10 spell levels left.
You didn't know any spells.
Your spell library contained the following spells:

 Spells                   Type           Power        Failure   Level  Hunger
 Animate Skeleton         Necr           N/A          61%         1    ##.....
 Apportation              Tloc           #.....       61%         1    ##.....
 Confusing Touch          Hex            #.....       61%         1    ##.....
 Summon Small Mammal      Summ           #...         61%         1    ##.....


Dungeon Overview and Level Annotations

Branches:
Dungeon (10/15)            Temple (1/1) D:4             Orc (0/2) D:9
   Lair: D:8-11

Altars:
Ashenzari
Cheibriados
Dithmenos
Elyvilon
Fedhas
Gozag
Hepliaklqana
Kikubaaqudgha
Makhleb
Nemelex Xobeh
Okawaru
Qazlal
Ru
Sif Muna
Trog
Uskayaw
Vehumet
Wu Jian
Xom
Yredelemnul
Zin
The Shining One
Beogh
Lugonu

Shops:
D:6 (=   D:9 (


Innate Abilities, Weirdness & Mutations

You are resistant to torment.
Your stone body is resilient. (AC +8)
You are immune to poison.
You resist negative energy. (rN+)
You are resistant to electric shocks. (rElec)
You can survive without breathing.
You are immune to petrification.
You are immune to rotting.
Your spells are a little easier to cast, but a little less powerful.


Message History

The cyclops throws a large rock.
The large rock barely misses you.
The cyclops throws a large rock.
The large rock hits you.
You see here a large rock.
The cyclops throws a large rock.
The large rock barely misses you.
The cyclops hits you but does no damage.
You hit the cyclops.
The cyclops is lightly wounded.
You completely miss the cyclops.
The cyclops is lightly wounded.
You whack the cyclops!
The cyclops is moderately wounded.
The cyclops hits you!!
* * * LOW HITPOINT WARNING * * *
You are too injured to fight recklessly!
You are too injured to fight recklessly!
You are too injured to fight recklessly!
You feel better.
You are confused.
You feel invigorated. The cyclops hits you!!
You die...

####+#######
#..........#
#..........#
#..........#
#......C...# .#######
#...(.@....# .......#
#..........# ######.#
#(.........#
.......####(....!....+
.#####....'..........#
.#
..#.####.......(....
##.###.#
#........≈≈≈≈≈
...>...#
#........≈##.# .# ####
###>..##.≈#


You could see a cyclops.

Vanquished Creatures
  Harold (D:7)
  3 two-headed ogres
  An unseen horror (D:10)
  A manticore (D:9)
  A troll (D:7)
  Grinder (D:4)
  Prince Ribbit (D:8)
  A hornet (D:8)
  A hippogriff (D:8)
  Sigmund (D:4)
  8 spriggans (D:9)
  A wraith (D:8)
  Grum (D:6)
  Eustachio (D:4)
  A steam dragon (D:9)
  Edmund (D:5)
  A soldier ant (D:8)
  Duvessa (D:5)
  A sky beast (D:9)
  2 black bears
  3 ice beasts
  5 orc warriors
  A necrophage (D:7)
  2 wolves (D:6)
  A phantom (D:7)
  5 ogres
  2 centaurs
  2 big kobolds
  3 gnoll sergeants (D:6)
  A bullfrog (D:9)
  Dowan (D:5)
  A wyvern skeleton (D:7)
  3 scorpions
  A water moccasin skeleton (D:9)
  5 killer bees
  5 wights (D:9)
  7 electric eels
  2 howler monkeys
  2 crimson imps
  A bullfrog zombie (D:6)
  2 quasits
  9 hounds
  5 jellies
  3 orc priests
  4 bullfrog skeletons
  2 gnoll shamans (D:6)
  2 iguanas
  10 orc wizards
  5 worker ants
  A killer bee zombie (D:6)
  A hound zombie (D:9)
  A worker ant zombie (D:5)
  8 adders
  29 gnolls
  A howler monkey skeleton (D:4)
  A shadow imp (D:5)
  An ooze (D:6)
  An adder zombie (D:9)
  A dart slug (D:6)
  An adder simulacrum (D:9)
  3 leopard geckos
  22 orcs
  A ball python (D:5)
  8 bats
  7 giant cockroaches
  4 goblins
  8 hobgoblins
  13 jackals
  39 kobolds
  6 quokkas
  4 frilled lizards
  5 rats
  5 plants (D:6)
296 creatures vanquished.

Vanquished Creatures (others)
  A big kobold (D:9)
1 creature vanquished.

Grand Total: 297 creatures vanquished

Notes
Turn   | Place    | Note
-------+----------+-------------------------------------------
     0 | D:1      | Borgoz the Gargoyle Fighter began the quest for the Orb.
     0 | D:1      | Reached XP level 1. HP: 14/14 MP: 1/1
   196 | D:1      | Reached XP level 2. HP: 18/19 MP: 2/2
   486 | D:1      | Reached XP level 3. HP: 22/23 MP: 3/3
   804 | D:2      | Found an ancient bone altar of Kikubaaqudgha.
   863 | D:2      | Reached skill level 3 in Maces & Flails
   864 | D:2      | Found a faded altar of an unknown god.
   981 | D:2      | Found a stormy altar of Qazlal.
  1091 | D:2      | Found a shadowy altar of Dithmenos.
  1173 | D:2      | Reached XP level 4. HP: 29/29 MP: 4/4
  1640 | D:3      | Reached XP level 5. HP: 31/33 MP: 5/5
  2337 | D:4      | Noticed Eustachio
  2356 | D:4      | Killed Eustachio
  2356 | D:4      | Reached skill level 4 in Maces & Flails
  2356 | D:4      | Reached XP level 6. HP: 15/39 MP: 6/6
  2611 | D:4      | Found a staircase to the Ecumenical Temple.
  2649 | Temple   | Entered the Ecumenical Temple
  2696 | Temple   | Became a worshipper of the Shining One
  2794 | D:4      | Noticed Grinder
  2794 | D:4      | Paralysed by Grinder for 6 turns
  2802 | D:4      | Paralysed by Grinder for 5 turns
  2822 | D:4      | Paralysed by Grinder for 5 turns
  2835 | D:4      | Killed Grinder
  2835 | D:4      | Reached skill level 5 in Fighting
  2835 | D:4      | Reached skill level 5 in Maces & Flails
  2835 | D:4      | Reached skill level 5 in Armour
  2835 | D:4      | Reached XP level 7. HP: 23/44 MP: 7/7
  3075 | D:4      | Noticed Sigmund
  3087 | D:4      | Killed Sigmund
  3212 | D:4      | Found a shimmering altar of Xom.
  3255 | D:4      | Reached skill level 6 in Maces & Flails
  3548 | D:5      | Entered Level 5 of the Dungeon
  3597 | D:5      | Reached XP level 8. HP: 46/50 MP: 8/8
  3652 | D:5      | Found a hazy altar of Hepliaklqana.
  3800 | D:5      | Noticed Dowan
  3802 | D:5      | Noticed Duvessa
  3812 | D:5      | Killed Duvessa
  3867 | D:5      | Killed Dowan
  4068 | D:5      | Noticed Edmund
  4075 | D:5      | Reached skill level 5 in Shields
  4078 | D:5      | Killed Edmund
  4078 | D:5      | Reached skill level 7 in Maces & Flails
  4558 | D:5      | Found a sparkling altar of Nemelex Xobeh.
  4674 | D:6      | Found Ommeakuyq's Jewellery Boutique.
  4733 | D:6      | Reached * piety under the Shining One
  4749 | D:6      | Reached XP level 9. HP: 38/56 MP: 9/9
  4807 | D:6      | Reached skill level 8 in Maces & Flails
  5163 | D:6      | Noticed Grum
  5173 | D:6      | Killed Grum
  5431 | D:6      | Found Widucueso's Antique Weapon Shoppe.
  5456 | D:6      | Found a snail-covered altar of Cheibriados.
  5548 | D:6      | Reached skill level 9 in Maces & Flails
  5738 | D:6      | Found a radiant altar of Vehumet.
  6695 | D:7      | Reached XP level 10. HP: 60/64 MP: 10/10
  6849 | D:7      | Reached ** piety under the Shining One
  6943 | D:7      | Reached skill level 10 in Maces & Flails
  7105 | D:8      | Noticed Harold
  7137 | D:7      | Killed Harold
  7296 | D:8      | Noticed a two-headed ogre
  7305 | D:8      | Killed a two-headed ogre
  7413 | D:8      | Noticed Prince Ribbit
  7419 | D:8      | Killed Prince Ribbit
  7419 | D:8      | Reached skill level 11 in Maces & Flails
  7557 | D:8      | Found a faded altar of an unknown god.
  7557 | D:8      | Found a blossoming altar of Fedhas.
  7562 | D:8      | Found a faded altar of an unknown god.
  7564 | D:8      | Found an ornate altar of the Wu Jian Council.
  7566 | D:8      | Found a shattered altar of Ashenzari.
  7866 | D:8      | Reached XP level 11. HP: 53/71 MP: 11/11
  7933 | D:8      | Noticed a two-headed ogre
  8041 | D:8      | Killed a two-headed ogre
  8215 | D:8      | Found a stormy altar of Qazlal.
  8291 | D:8      | Found a shimmering blue altar of Sif Muna.
  8420 | D:9      | Noticed a two-headed ogre
  8437 | D:9      | Killed a two-headed ogre
  8451 | D:9      | Reached skill level 12 in Maces & Flails
  8460 | D:9      | Reached skill level 10 in Armour
  8474 | D:9      | Reached skill level 10 in Fighting
  8662 | D:9      | Noticed a manticore
  8679 | D:9      | Killed a manticore
  9066 | D:9      | Reached *** piety under the Shining One
  9112 | D:9      | Found Gaytin's Antique Weapon Boutique.
  9121 | D:9      | Bought an ichor-stained great mace for 299 gold pieces
  9129 | D:9      | Identified the +5 great mace of Ycyos {distort, *Contam rC-
                  | MR+++ Stlth+} (You bought it in a shop on level 9 of the
                  | Dungeon)
  9401 | D:9      | Found a staircase to the Orcish Mines.
  9531 | D:9      | Found a roughly hewn altar of Beogh.
  9611 | D:9      | Gained mutation: Your spells are a little easier to cast,
                  | but a little less powerful. [mutagenic glow]
  9751 | D:9      | Found an opulent altar of Gozag.
  9751 | D:9      | Found a hide-covered altar of Uskayaw.
 10211 | D:10     | Entered Level 10 of the Dungeon
 10212 | D:10     | Noticed an unseen horror
 10222 | D:10     | Killed an unseen horror
 10277 | D:10     | Noticed a cyclops
 10288 | D:10     | Slain by a cyclops

Levels and vault maps discovered:
D:1:      sevenhm_arrival_forest_fort_small_4, layout_loops_cross
D:2:      layout_basic, nicolae_overflow_crystal_walls, kiku_gazebo_pond_becter,
          nicolae_dithmenos_through_a_glass_darkly,
          chequers_ecumenical_altar_island, skrybe_limestone_x
D:3:      layout_basic, solitary_fountain
D:4:      layout_gridville, kennysheep_mini, minmay_temple_entry_offerings,
          uniq_grinder, uniq_eustachio, uniq_sigmund
D:5:      layout_loops_corners, old_standard_altar,
          nemelex_xobeh_ov_fountains_minmay, first_ration,
          minmay_misc_feat_rows, uniq_duvessa, uniq_edmund
D:6:      kennysheep_kobold_camp, layout_cave_pools, vehumet_crystals,
          kennysheep_slug_shrine, serial_gnoll_camp, gnoll_camp_medium_01,
          grums_kennel, gnoll_camp_huts_moat, gnoll_camp_mini_hut,
          gnoll_camp_mini_shop, serial_shops, nicolae_shop_stone
D:7:      layout_basic, minmay_misc_feat_ornament
D:8:      layout_basic, chequers_temple_overflow_minitemple, led_sif_pool,
          hangedman_pestilent_swarm, nicolae_qazlal_eye_of_the_storm,
          uniq_harold, uniq_grum, uniq_prince_ribbit1
D:9:      kb_forest_paths, layout_basic, gammafunk_temple_overflow_elements,
          minmay_orc_entry_temple_small, serial_shops, shop, minivault_14,
          chequers_serial_rivers_room_a, kennysheep_island_fort
D:10:     layout_roguey, enter_bailey_3, uniq_maurice
Temple:   corrupted_temple

Skill      XL: |  1  2  3  4  5  6  7  8  9 10 11 |
---------------+----------------------------------+-----
Maces & Flails | 3 4 5 6 7 9 11 12 | 12.7
Armour         | 4 5 6 8 9 10 | 10.5
Fighting       | 4 5 6 8 9 10 | 10.5
Shields        | 4 5 |  5.0

Action                   |  1- 3 |  4- 6 |  7- 9 | 10-12 || total
-------------------------+-------+-------+-------+-------++-------
Melee: Flail             |    42 |       |       |       ||    42
       Whip              |   100 |   110 |   446 |   444 ||  1100
       Unarmed           |       |       |    13 |       ||    13
       Great mace        |       |       |       |    51 ||    51
Throw: Throwing net      |       |       |     1 |     4 ||     5
  Use: Scroll            |     1 |     6 |     6 |     3 ||    16
       Potion            |       |     1 |     2 |     4 ||     7
  Eat: Chunk             |     1 |     2 |    11 |    13 ||    27
       Ration            |       |     1 |       |       ||     1
Armor: Scale mail        |    95 |    57 |   212 |   108 ||   472
       Troll leather arm |       |       |       |    45 ||    45
       Skin              |       |       |       |    16 ||    16
Dodge: Dodged            |    48 |    52 |   176 |   139 ||   415
Block: Shield            |    72 |    53 |       |       ||   125
       Buckler           |       |       |    78 |    58 ||   136

Table legend:
 A = Non-vault XP
 B = Vault XP
 C = Vault XP percentage of total XP
 D = Non-vault monster count
 E = Vault monster count
 F = Vault count percentage of total count
                 A         B        C        D         E       F
            +---------+---------+-------+---------+---------+-------
      Total |    8183 |    8848 |  52.0 |     182 |     110 |  37.7
            +---------+---------+-------+---------+---------+-------
        D:1 |      37 |       0 |   0.0 |      19 |       0 |   0.0
        D:2 |      62 |       0 |   0.0 |      23 |       0 |   0.0
        D:3 |      81 |       0 |   0.0 |      12 |       0 |   0.0
        D:4 |     280 |     689 |  71.1 |       8 |       3 |  27.3
        D:5 |     727 |     387 |  34.7 |      22 |       3 |  12.0
        D:6 |     559 |    1558 |  73.6 |       9 |      67 |  88.2
        D:7 |    1156 |    1028 |  47.1 |      20 |       1 |   4.8
        D:8 |    3241 |     764 |  19.1 |      35 |       5 |  12.5
        D:9 |    1266 |    4422 |  77.7 |      32 |      31 |  49.2
       D:10 |     774 |       0 |   0.0 |       2 |       0 |   0.0
            +---------+---------+-------+---------+---------+-------
